 Dungeon Crawl Stone Soup version 0.32-a0-599-gba8f9cf90e (webtiles) character file.

Game seed: 11837210205103559130

227 dialectric the Shield-Bearer (level 5, 0/49 (53) HPs)
             Began as a Troll Fighter on Mar 2, 2024.
             Was a Believer of Jiyva.
             Slain by a wight
             ... wielding a +0 great sword
              (4 damage)
             ... on level 4 of the Dungeon.
             The game lasted 00:02:09 (2144 turns).

dialectric the Shield-Bearer (Troll Fighter)        Turns: 2144, Time: 00:02:10

HP:   0/49 (53)     AC:  4    Str: 24    XL:     5   Next: 70%
MP:   4/4           EV: 10    Int:  4    God:    Jiyva [**....]
Gold: 147           SH:  0    Dex: 11    Spells: 4/4 levels left

rFire   . . .        h - +0 hand axe (drain)
rCold   . . .        (no shield)
rNeg    . . .        b - +0 robe
rPois   .            (helmet restricted)
rElec   .            (no cloak)
rCorr   +            (gloves unavailable)
SInv    .            (boots unavailable)
Will    .....        (no amulet)
Stlth   +            (no ring)
HPRegen 2.04/turn    (no ring)
MPRegen 0.57/turn

%: no passive effects
@: drained
A: large, unfitting armour, claws 3, regeneration 1, shaggy fur 1, tough skin 1
a: Renounce Religion


You were on level 4 of the Dungeon.
You worshipped Jiyva.
Jiyva was pleased with you.
You visited 1 branch of the dungeon, and saw 4 of its levels.

You collected 147 gold pieces.

Inventory:

Hand Weapons
 a - a +0 flail
 h - a +0 hand axe of draining (weapon)
 k - a +0 whip of electrocution
Missiles
 l - 4 poisoned darts (quivered)
Armour
 b - a +0 robe (worn)
 c - a +0 kite shield
Scrolls
 e - 6 scrolls of identify {unknown}
 f - a scroll of enchant armour {unknown}
 i - a scroll of enchant weapon {unknown}
 m - a scroll of immolation {unknown}
Potions
 d - a potion of might
 g - 2 potions of enlightenment {unknown}
 j - a potion of cancellation {unknown}
 n - a potion of mutation {unknown}
 o - a potion of curing {unknown}


   Skills:
 + Level 3.2 Fighting
 + Level 1.6(2.3) Axes
 + Level 2.9(3.1) Maces & Flails
 + Level 3.2 Dodging
 + Level 3.5 Shields


You had 4 spell levels left.
You didn't know any spells.
Your spell library was empty.

Dungeon Overview and Level Annotations

Branches:
Dungeon (4/15)
 Temple: D:4-7

Altars:
Gozag
Wu Jian
Jiyva

Shops:
D:1 =

Annotations:
D:3 1 runed translucent door, Dittersdorf's ghost, amateur GrFi
D:4 Pargi


Innate Abilities, Weirdness & Mutations

You are too large for most types of armour.
You have claws for hands.
Your natural rate of healing is unusually fast.
You are covered in fur. (AC +1)
You have tough skin. (AC +1)


Message History

You hit the wight.
The wight is heavily damaged.
You hit the wight. The wight barely misses you. The wight misses you.
You hit the wight.
The wight is severely damaged.
You hit the wight but do no damage. The wight barely misses you.
The wight hits you with a +0 scimitar!
You feel drained. The wight barely misses you. x2
You closely miss the wight.
The wight is severely damaged.
You hit the wight.
The endoplasm completely misses the wight.
The wight hits you with a +0 great sword!
The wight hits you but does no damage.
Unknown command.
You barely miss the wight.
The wight is severely damaged.
You hit the wight but do no damage. The wight closely misses you. x2
You closely miss the wight.
The wight is severely damaged.
You hit the wight.
The wight hits you with a +0 great sword!!
* * * LOW HITPOINT WARNING * * *
The wight completely misses you.
You are too injured to fight recklessly!
Unknown command.
Unknown command.
The wight attacks as it pursues you!
The wight hits you with a +0 great sword!
* * * LOW HITPOINT WARNING * * *
You feel drained.
* * * LOW HITPOINT WARNING * * *
The wight attacks as it pursues you! The wight closely misses you.
The wight attacks as it pursues you!
The wight hits you with a +0 great sword.
* * * LOW HITPOINT WARNING * * *
The wight attacks as it pursues you!
The wight hits you with a +0 great sword.
You die...
Jiyva sends a jelly to digest your remains.

##...........# .......
...#........<#.##.....
.#########..........:
.............####...#
J#####...##### #....#
...# #.## #..z.# ...###.#
#####.#.#### .......#
#....Jz....# ...#####
#....@.....# ....##
#####....†.....#
.....###.................
...#....[##############.#
########## .# .


You could see 2 wights and a neutral endoplasm (wandering) (fellow slime).

Vanquished Creatures
  Eustachio (D:3)
  Terence (D:2)
  2 adders (D:3)
  A dart slug (D:2)
  An orc (D:3)
  3 bats
  3 giant cockroaches
  4 hobgoblins
  9 jackals
  A quokka (D:2)
  A ball python (D:1)
  2 goblins
  7 kobolds
  2 rats (D:2)
38 creatures vanquished.

Vanquished Creatures (others)
  A wight (D:4)
  A jelly (D:4)
  3 orcs (D:4)
  2 ball pythons
  2 endoplasms (D:4)
  2 hobgoblins
  A quokka (D:3)
  A bat (D:3)
  A frilled lizard (D:3)
14 creatures vanquished.

Grand Total: 52 creatures vanquished

Notes
Turn   | Place    | Note
-------+----------+-------------------------------------------
     0 | D:1      | dialectric the Troll Fighter began the quest for the Orb.
     0 | D:1      | Reached XP level 1. HP: 22/22 MP: 0/0
   342 | D:1      | Found Zaoxt's Jewellery Shop.
   394 | D:1      | Reached XP level 2. HP: 28/29 MP: 1/1
   879 | D:2      | Found an ornate altar of the Wu Jian Council.
   913 | D:2      | Noticed Terence
   920 | D:2      | Killed Terence
   921 | D:2      | Reached XP level 3. HP: 29/36 MP: 2/2
   937 | D:2      | Identified the +0 helmet "Earthly Heaven" {rPois Str-3
                  | Int+2}
  1316 | D:3      | Found a faded altar of an unknown god.
  1328 | D:3      | Prayed at the altar of an unknown god.
  1328 | D:3      | Became a worshipper of Jiyva Jaziox the Shapeless
  1328 | D:3      | Reached * piety under Jiyva
  1351 | D:3      | Reached XP level 4. HP: 44/44 MP: 3/3
  1513 | D:3      | Found an opulent altar of Gozag.
  1687 | D:3      | Found a runed translucent door.
  1690 | D:3      | Noticed Dittersdorf's ghost (amateur GrFi)
  1919 | D:4      | Noticed Pargi
  1997 | D:4      | Noticed Eustachio
  2065 | D:3      | Killed Eustachio
  2066 | D:3      | Reached skill level 1 in Axes
  2066 | D:3      | Reached XP level 5. HP: 48/53 MP: 4/4
  2093 | D:4      | Reached ** piety under Jiyva
  2143 | D:4      | HP: 2/49 [wight/+0 great sword (4)]
  2144 | D:4      | Slain by a wight

Illustrated notes

Levels and vault maps discovered:
D:1:      dreamdust_arrival_sigmund_warning, layout_basic, serial_shops,
          shop_fountains, serial_curves, eino_curves_03, eino_curves_01,
          amethyst_killhole
D:2:      layout_basic, basic_altar, uniq_terence
D:3:      layout_loops_ring, grunt_gozag_breadcrumbs, basic_ecumenical_altar,
          ebering_ghost_sewer_d
D:4:      layout_rooms, interstate_on_off, uniq_ijyb, uniq_pargi, uniq_eustachio

Skill      XL: |  1  2  3  4 |
---------------+-------------+-----
Maces & Flails | 2 |  2.9
Shields        | 3 |  3.5
Fighting       | 3 |  3.2
Axes           | 1 |  1.6
Dodging        | 3 |  3.2

Action                     |  1- 3 |  4- 6 || total
---------------------------+-------+-------++-------
  Melee: Flail             |    45 |       ||    45
         Hand axe          |    58 |    89 ||   147
 Armour: Robe              |    85 |    70 ||   155
  Dodge: Dodged            |    66 |    55 ||   121

Table legend: (Time is in decaauts)
 A = Elapsed time spent in this place.
 B = Non-inter-level travel time spent in this place.
 C = Inter-level travel time spent in this place.
 D = Time resting spent in this place.
 E = Time spent auto-exploring this place.
 F = Levels seen in this place.
 G = Mean time per level.
                   A        B        C        D        E       F      G
               +--------+--------+--------+--------+--------+-----+--------+
         Total |   2191 |   2073 |    118 |      0 |   1592 |   4 |  547.8 |
       Dungeon |   2191 |   2073 |    118 |      0 |   1592 |   4 |  547.8 |
               +--------+--------+--------+--------+--------+-----+--------+

Top non-repeatable levels by time:
     D:3: 847 daAuts
     D:1: 751 daAuts
     D:2: 511 daAuts
     D:4: 81 daAuts
